 Dungeon Crawl Stone Soup version 0.25.1-2-g60ff931df9 (webtiles) character file.

Game seed: 9778819201379510024

478 Almogavar the Charmwright (level 7, -3/56 HPs)
             Began as a Gnoll Skald on Sept 4, 2020.
             Slain by Menkaure (17 damage)
             ... on level 3 of the Dungeon.
             The game lasted 00:21:28 (5150 turns).

Almogavar the Charmwright (Gnoll Skald)             Turns: 5150, Time: 00:21:28

Health: -3/56      AC: 11    Str: 14    XL:     7   Next: 11%
Magic:  15/15      EV: 13    Int: 15    God:
Gold:   271        SH:  0    Dex: 16    Spells: 16/17 levels left

rFire    . . .     SeeInvis .   a - +0 falchion
rCold    . . .     Gourm    .   (no shield)
rNeg     . . .     Faith    .   e - +0 ring mail
rPois    .         Spirit   .   (no helmet)
rElec    .         Reflect  .   h - +0 cloak
rCorr    .         Harm     .   f - +1 pair of gloves
MR       .....                  g - +1 pair of boots
Stlth    +.........             n - amulet of inaccuracy (curse)
HPRegen  0.18/turn              (no ring)
MPRegen  0.14/turn              (no ring)

@: no status effects
A: distributed training, fangs 1, strong nose
a: no special abilities


You were on level 3 of the Dungeon.
You were not hungry.

You visited 1 branch of the dungeon, and saw 4 of its levels.
You also visited: Sewer.

You collected 271 gold pieces.

Inventory:

Hand Weapons
 a - a +0 falchion (weapon)
 b - a +1 hunting sling
Missiles
 l - 71 stones (quivered)
Armour
 c - a +2 chain mail of poison resistance
 e - a +0 ring mail (worn)
 f - a +1 pair of gloves (worn)
 g - a +1 pair of boots (worn)
 h - a +0 cloak (worn)
Jewellery
 n - a cursed amulet of inaccuracy (around neck)
 q - an uncursed amulet of guardian spirit {unknown}
Wands
 v - a wand of disintegration (11)
Scrolls
 j - a scroll of amnesia
 m - 4 scrolls of enchant armour
 p - 2 scrolls of enchant weapon
Potions
 i - 2 potions of berserk rage {unknown}
 k - 7 potions of curing
 o - a potion of magic {unknown}
 s - 3 potions of might {unknown}
 t - a potion of brilliance {unknown}
 u - a potion of lignification {unknown}
 w - 2 potions of heal wounds {unknown}
 x - a potion of flight {unknown}
 z - a potion of stabbing {unknown}
Comestibles
 d - 2 rations
 r - a chunk of flesh


   Skills:
 + Level 5.1 Fighting
 + Level 2.2 Short Blades
 + Level 5.1 Long Blades
 + Level 2.2 Axes
 + Level 2.2 Maces & Flails
 + Level 2.2 Polearms
 + Level 2.2 Staves
 + Level 2.2 Slings
 + Level 2.2 Bows
 + Level 2.2 Crossbows
 + Level 2.2 Throwing
 + Level 3.4 Armour
 + Level 5.1 Dodging
 + Level 2.2 Stealth
 + Level 2.2 Shields
 + Level 2.2 Unarmed Combat
 + Level 5.5 Spellcasting
 + Level 1.8 Conjurations
 + Level 1.8 Hexes
 + Level 5.7 Charms
 + Level 1.8 Summonings
 + Level 1.8 Necromancy
 + Level 1.8 Translocations
 + Level 1.8 Transmutations
 + Level 1.8 Fire Magic
 + Level 1.8 Ice Magic
 + Level 1.8 Air Magic
 + Level 1.8 Earth Magic
 + Level 1.8 Poison Magic
 + Level 2.5 Invocations
 + Level 2.2 Evocations


You had 16 spell levels left.
You knew the following spells:

 Your Spells              Type           Power        Failure   Level  Hunger
a - Infusion              Chrm           ###.         3%          1    None

Your spell library contained the following spells:

 Spells                   Type           Power        Failure   Level  Hunger
 Song of Slaying          Chrm           ###.....     4%          2    #......
 Shroud of Golubria       Chrm/Tloc      ###...       10%         2    #......
 Ozocubu's Armour         Chrm/Ice       ###.....     19%         3    ###....
 Spectral Weapon          Hex/Chrm       ###.....     19%         3    ###....


Dungeon Overview and Level Annotations

Branches:
Dungeon (4/15)              Sewer (visited)
 Temple: D:4-7

Altars:
Ashenzari
Dithmenos
Elyvilon
Fedhas

Annotations:
D:3 Menkaure


Innate Abilities, Weirdness & Mutations

Your experience applies equally to all skills.
You have very sharp teeth.
Your uncanny sense of smell can sniff out nearby items.


Message History

You hit Menkaure. You bite Menkaure, but do no damage.
Menkaure is severely damaged.
Menkaure closely misses you.
You hit Menkaure.
Menkaure is almost destroyed.
Menkaure calls on the powers of darkness!
Your body is wracked with pain!
* * * LOW HITPOINT WARNING * * *
Menkaure hits you.
* * * LOW HITPOINT WARNING * * *
You feel better. Menkaure closely misses you.
You barely miss Menkaure. Your bite misses Menkaure.
Menkaure is almost destroyed.
Menkaure calls on the powers of darkness!
Your body is wracked with pain!
* * * LOW HITPOINT WARNING * * *
You hit Menkaure.
Menkaure is almost destroyed.
Menkaure hits you!
You die...

..##.#.#......# #.##
)##....##...#.# #.#######
#<..#..###.##.# #....)..#
.##...## ####.# #######.#
###..## **# ### #.# #
#.##**#8###8##* #.#
#.###8...8...8### #.#
###..##.........#### #.#
.....#_........M@#.#####.#
....###.........##.....#.#
##..###8...8...8###..#...#
.#..# *##8###8##*#..###..#
.#..# **#########..#...#
.#..# ###.....####...#.#
.#..#####................#
.#.....##.#.....#####.####
....##.##.##...## #.# ###


You could see Menkaure (fast).

Vanquished Creatures
  3 big kobolds (Sewer)
  An orc wizard (D:3)
  Ijyb (D:3)
  Jessica (D:1)
  7 adders
  3 oozes
  5 worms
  A dart slug (D:1)
  A leopard gecko (D:3)
  5 orcs
  2 giant cockroaches
  11 goblins
  3 hobgoblins
  A quokka (D:2)
  4 ball pythons
  9 bats
  12 frilled lizards
  25 kobolds
  7 rats
102 creatures vanquished.

Notes
Turn   | Place    | Note
-------+----------+-------------------------------------------
     0 | D:1      | Almogavar the Gnoll Skald began the quest for the Orb.
     0 | D:1      | Reached XP level 1. HP: 20/20 MP: 6/6
   294 | D:1      | Reached XP level 2. HP: 24/26 MP: 7/7
  1102 | D:1      | Reached skill level 5 in Spellcasting
  1102 | D:1      | Reached XP level 3. HP: 30/31 MP: 7/9
  1125 | D:2      | Noticed Jessica
  1150 | D:1      | Killed Jessica
  1150 | D:1      | Reached skill level 1 in Short Blades
  1150 | D:1      | Reached skill level 1 in Axes
  1150 | D:1      | Reached skill level 1 in Maces & Flails
  1150 | D:1      | Reached skill level 1 in Polearms
  1150 | D:1      | Reached skill level 1 in Staves
  1150 | D:1      | Reached skill level 1 in Slings
  1150 | D:1      | Reached skill level 1 in Bows
  1150 | D:1      | Reached skill level 1 in Crossbows
  1150 | D:1      | Reached skill level 1 in Throwing
  1150 | D:1      | Reached skill level 1 in Stealth
  1150 | D:1      | Reached skill level 1 in Shields
  1150 | D:1      | Reached skill level 1 in Unarmed Combat
  1150 | D:1      | Reached skill level 1 in Invocations
  1150 | D:1      | Reached skill level 1 in Evocations
  1150 | D:1      | Reached XP level 4. HP: 38/38 MP: 11/11
  1430 | D:2      | Found a white marble altar of Elyvilon.
  1691 | D:2      | Reached skill level 1 in Conjurations
  1691 | D:2      | Reached skill level 1 in Hexes
  1691 | D:2      | Reached skill level 1 in Summonings
  1691 | D:2      | Reached skill level 1 in Necromancy
  1691 | D:2      | Reached skill level 1 in Translocations
  1691 | D:2      | Reached skill level 1 in Transmutations
  1691 | D:2      | Reached skill level 1 in Fire Magic
  1691 | D:2      | Reached skill level 1 in Ice Magic
  1691 | D:2      | Reached skill level 1 in Air Magic
  1691 | D:2      | Reached skill level 1 in Earth Magic
  1691 | D:2      | Reached skill level 1 in Poison Magic
  2118 | D:2      | Reached XP level 5. HP: 43/43 MP: 12/12
  2502 | D:3      | Found a blossoming altar of Fedhas.
  2705 | D:3      | Found a glowing drain.
  2743 | Sewer    | Entered a sewer
  3154 | Sewer    | Noticed a big kobold
  3154 | Sewer    | Noticed a big kobold
  3235 | Sewer    | Killed a big kobold
  3235 | Sewer    | Reached XP level 6. HP: 45/50 MP: 13/13
  3267 | Sewer    | Reached skill level 5 in Fighting
  3267 | Sewer    | Reached skill level 5 in Long Blades
  3267 | Sewer    | Reached skill level 5 in Dodging
  3815 | D:3      | Found a shattered altar of Ashenzari.
  3815 | D:3      | Found a shadowy altar of Dithmenos.
  3970 | D:3      | Noticed Ijyb
  4264 | D:3      | Reached XP level 7. HP: 50/56 MP: 15/15
  4505 | D:3      | Killed Ijyb
  5121 | D:4      | Noticed Menkaure
  5150 | D:3      | Slain by Menkaure

Illustrated notes

Levels and vault maps discovered:
D:1:      minmay_arrival_nine_rooms, layout_basic
D:2:      layout_loops_ring, elyvilon_altar_3, first_ration, uniq_jessica
D:3:      layout_loops_ring, nicolae_overflow_hidden_temple,
          gammafunk_temple_overflow_statue, cheibrodos_sewer_entry_bend,
          kennysheep_generic_room_10, uniq_ijyb
D:4:      layout_basic, minivault_4, kennysheep_generic_room_7, uniq_menkaure,
          uniq_sigmund

Skill      XL: |  1  2  3  4  5  6 |
---------------+-------------------+-----
Spellcasting   | 5 |  5.5
Short Blades   | 1 2 |  2.2
Axes           | 1 2 |  2.2
Maces & Flails | 1 2 |  2.2
Polearms       | 1 2 |  2.2
Staves         | 1 2 |  2.2
Slings         | 1 2 |  2.2
Bows           | 1 2 |  2.2
Crossbows      | 1 2 |  2.2
Throwing       | 1 2 |  2.2
Stealth        | 1 2 |  2.2
Shields        | 1 2 |  2.2
Unarmed Combat | 1 2 |  2.2
Invocations    | 1 2 |  2.5
Evocations     | 1 2 |  2.2
Conjurations   | 1 |  1.8
Hexes          | 1 |  1.8
Summonings     | 1 |  1.8
Necromancy     | 1 |  1.8
Translocations | 1 |  1.8
Transmutations | 1 |  1.8
Fire Magic     | 1 |  1.8
Ice Magic      | 1 |  1.8
Air Magic      | 1 |  1.8
Earth Magic    | 1 |  1.8
Poison Magic   | 1 |  1.8
Armour         | 3 |  3.4
Fighting       | 5 |  5.1
Long Blades    | 5 |  5.1
Dodging        | 5 |  5.1
Charms         | |  5.7

Action                   |  1- 3 |  4- 6 |  7- 9 || total
-------------------------+-------+-------+-------++-------
Melee: Falchion          |    72 |   369 |    39 ||   480
       Bite              |     6 |    42 |     8 ||    56
       Punch             |       |     2 |       ||     2
 Fire: Hunting sling     |       |     4 |       ||     4
Throw: Stone             |       |    72 |    36 ||   108
  Use: Scroll            |     2 |     6 |       ||     8
       Potion            |       |       |     2 ||     2
 Stab: Sleeping          |       |     1 |     2 ||     3
  Eat: Chunk             |       |     5 |     1 ||     6
       Ration            |       |     2 |     1 ||     3
Armor: Leather armour    |    12 |     2 |       ||    14
       Ring mail         |       |   160 |    11 ||   171
Dodge: Dodged            |    55 |   268 |    23 ||   346
       Rpst.: Falchion   |    18 |    83 |     7 ||   108
